 Dungeon Crawl Stone Soup version 0.25-a0-201-g0bb11aece9 (webtiles) character file.

Game seed: 12321758813837857656, levelgen mode: deterministic

5741 floatRand the Covert (level 10, -2/68 HPs)
             Began as an Octopode Fighter on Dec 2, 2019.
             Was an Initiate of Gozag.
             Slain by a wolf (7 damage)
             ... on level 9 of the Dungeon.
             The game lasted 00:12:36 (9271 turns).

floatRand the Covert (Octopode Fighter)             Turns: 9271, Time: 00:12:36

Health: -2/68      AC:  8    Str: 16    XL:     10   Next: 77%
Magic:  10/10      EV: 16    Int: 10    God:    Gozag
Gold:   549        SH:  0    Dex: 15    Spells: 9/9 levels left

rFire    . . .     SeeInvis .   v - +1 triple sword (protect)
rCold    + + .     Gourm    .   (shield currently unavailable)
rNeg     . . .     Faith    .   (helmet restricted)
rPois    .         Spirit   .   (no amulet)
rElec    .         Reflect  .   n - ring of protection from cold
rCorr    .         Harm     .   j - ring of protection from cold
MR       .....                  (no ring)
Stlth    ++++++....             (no ring)
HPRegen  0.21/turn              (no ring)
MPRegen  0.12/turn              (no ring)
                                (no ring)
                                (no ring)

@: protection aura
A: almost no armour, stealthy swim, amphibious, 8 rings, constrict 8, camouflage
1, gelatinous body 1
a: Potion Petition, Call Merchant, Bribe Branch, Renounce Religion


You were on level 9 of the Dungeon.
You worshipped Gozag.
Gozag was pleased with you.
You were not hungry.

You visited 1 branch of the dungeon, and saw 9 of its levels.
You also visited: Ossuary.

You collected 919 gold pieces.
You spent 220 gold pieces at shops.
You paid 150 gold pieces to Gozag.

Inventory:

Hand Weapons
 p - a +1 dagger of venom
 v - a +1 triple sword of protection (weapon)
Armour
 w - a +2 shield
Jewellery
 j - a ring of protection from cold (right tentacle)
 n - a ring of protection from cold (left tentacle)
Wands
 t - a wand of digging (7)
Scrolls
 a - a scroll of enchant weapon
 f - 4 scrolls of identify
 i - 4 scrolls of teleportation
 m - a scroll of fog
 q - 2 scrolls of remove curse
 s - 2 scrolls of enchant armour
 u - 2 scrolls of blinking
Potions
 e - 3 potions of heal wounds
 h - 2 potions of flight
 k - a potion of brilliance
 l - a potion of mutation
 o - 6 potions of curing
 r - 3 potions of magic
 x - 2 potions of cancellation
 A - 2 potions of invisibility
Comestibles
 d - 9 rations


   Skills:
 + Level 6.1 Fighting
 - Level 2.7(6.8) Short Blades
 + Level 9.8(10.0) Long Blades
 + Level 5.5 Dodging
 * Level 12.7 Stealth
 + Level 4.5 Shields


You had 9 spell levels left.
You didn't know any spells.
Your spell library was empty.

Dungeon Overview and Level Annotations

Branches:
Dungeon (9/15)             Temple (0/1) D:7             Orc (0/2) D:9
Ossuary (visited)
   Lair: D:8-11

Altars:
Gozag
Kikubaaqudgha
Qazlal
Trog
Uskayaw
Vehumet
Zin

Shops:
D:5 *   D:6 ==(*   D:7 *   D:8 *

Annotations:
D:3 1 runed translucent door, Crazy Yiuf


Innate Abilities, Weirdness & Mutations

You cannot wear most types of armour.
You are very stealthy in the water. (Stealth+)
You are amphibious.
You can wear up to eight rings at the same time.
You can use your tentacles to constrict eight enemies at once.
Your skin changes colour to match your surroundings (Stealth+).
Your rubbery body absorbs attacks. (AC +1, EV +1)


Message History

The wolf bites you!
* * * LOW HITPOINT WARNING * * *
You hit the wolf.
Your weapon exudes an aura of protection.
The wolf is moderately wounded.
You constrict the wolf. The wolf bites you!
* * * LOW HITPOINT WARNING * * *
The wolf bites you!
* * * LOW HITPOINT WARNING * * *
The wolf closely misses you.
You barely miss the wolf. Your squeeze misses the wolf.
The wolf is moderately wounded.
You constrict the wolf. The wolf misses you.
The wolf bites you but does no damage.
Unknown command.
You hit the wolf but do no damage.
The wolf is heavily wounded.
You constrict the wolf. The wolf bites you!
You die...
Your body crumbles into a pile of gold.

#............# #..#...# ##.
............## ##.....###..
............#####......##.#
#.......................##
..
#.>.##.........#....#..##
#. #.........#..##...###.#
.. ##....###....##...# #..#
#. ##...###.h..###...# ##.#
###.####...###.@##.# #.(.#
.#
##...........#..###..#.....
.. ........####...##
##........ #.. .......##
##.)#####...h .. ....=...#
##.........## .........###
#$....###..
........h...##.##### #..
............#..#
..≈≈.≈.≈....#..#


You could see a wolf.

Vanquished Creatures
  A two-headed ogre (D:9)
  Pikel (D:5)
  Psyche (D:8)
  A troll (D:9)
  A hippogriff (D:8)
  5 yaks (D:7)
  Duvessa (D:5)
  An orc warrior (D:6)
  A sky beast (D:7)
  A slave (D:5)
  3 ogres
  A phantom (D:6)
  4 centaurs
  3 wolves (D:9)
  4 bullfrogs
  Dowan (D:5)
  3 scorpions
  A water moccasin skeleton (D:7)
  2 howler monkeys
  4 crimson imps
  2 human zombies (Ossuary)
  A quasit (D:7)
  3 centaur zombies
  A jelly (D:3)
  6 orc priests
  A bullfrog skeleton (D:6)
  A centaur skeleton (D:5)
  5 hounds
  2 orc wizards
  3 iguanas
  8 worker ants
  3 big kobold zombies (Ossuary)
  2 mummies (Ossuary)
  7 gnolls
  10 adders
  A shadow imp (D:7)
  An ooze (D:4)
  4 adder zombies
  5 worms
  3 leopard geckos
  17 orcs
  A ball python (D:2)
  7 giant cockroaches
  4 goblins
  9 hobgoblins
  4 jackals (D:2)
  4 kobolds
  3 quokkas
  10 bats
  8 frilled lizards
  2 goblin zombies (Ossuary)
  8 hobgoblin zombies (Ossuary)
  A jackal zombie (Ossuary)
  10 kobold zombies (Ossuary)
  3 leopard gecko skeletons
  6 orc zombies (Ossuary)
  3 quokka skeletons
  6 rats
  A rat zombie (Ossuary)
216 creatures vanquished.

Notes
Turn   | Place    | Note
-------+----------+-------------------------------------------
     0 | D:1      | floatRand the Octopode Fighter began the quest for the Orb.
     0 | D:1      | Reached XP level 1. HP: 16/16 MP: 1/1
   345 | D:1      | Reached XP level 2. HP: 20/21 MP: 2/2
   460 | D:1      | Reached skill level 1 in Stealth
   645 | D:1      | Reached XP level 3. HP: 23/26 MP: 3/3
   878 | D:2      | Reached skill level 2 in Stealth
   949 | D:2      | Reached XP level 4. HP: 29/31 MP: 4/4
  1084 | D:2      | Found a glowing silver altar of Zin.
  1084 | D:2      | Found an ancient bone altar of Kikubaaqudgha.
  1094 | D:2      | Reached skill level 3 in Stealth
  1210 | D:2      | Found an opulent altar of Gozag.
  1593 | D:2      | Reached XP level 5. HP: 35/36 MP: 5/5
  2002 | D:3      | Reached skill level 4 in Stealth
  2441 | D:3      | Found a runed translucent door.
  2442 | D:3      | Noticed Crazy Yiuf
  3142 | D:4      | Reached skill level 5 in Stealth
  3142 | D:4      | Reached XP level 6. HP: 35/42 MP: 6/6
  4191 | D:4      | Noticed a moth of wrath
  4194 | D:4      | Found a bloodstained altar of Trog.
  4397 | D:4      | Reached skill level 6 in Stealth
  4535 | D:4      | Reached XP level 7. HP: 25/46 MP: 7/7
  4779 | D:5      | Entered Level 5 of the Dungeon
  4815 | D:5      | Noticed Pikel
  4848 | D:5      | Killed Pikel
  4848 | D:5      | Reached skill level 5 in Long Blades
  4848 | D:5      | Reached skill level 7 in Stealth
  4848 | D:5      | Reached XP level 8. HP: 36/54 MP: 8/8
  5098 | D:5      | Reached skill level 8 in Stealth
  5173 | D:5      | Reached skill level 1 in Short Blades
  5379 | D:5      | Noticed Dowan
  5381 | D:5      | Noticed Duvessa
  5409 | D:5      | Killed Duvessa
  5419 | D:5      | Killed Dowan
  5608 | D:5      | Found Melall's General Store.
  5613 | D:5      | Bought a scroll of noise for 13 gold pieces
  5614 | D:5      | Bought a +0 triple sword of protection for 182 gold pieces
  5712 | D:6      | Found Wutzeux's Assorted Antiques.
  5727 | D:6      | Reached skill level 9 in Stealth
  5879 | D:6      | Bought a scroll labeled BOISTRA MEITTU for 25 gold pieces
  5901 | D:6      | Found Male's Weapon Emporium.
  5910 | D:6      | Found Jif Vet's Jewellery Shop.
  6082 | D:6      | Reached XP level 9. HP: 47/59 MP: 9/9
  6154 | D:6      | Reached skill level 10 in Stealth
  6253 | D:6      | Found Punlaxe's Jewellery Emporium.
  6716 | D:6      | Reached skill level 5 in Dodging
  6867 | D:7      | Reached skill level 5 in Fighting
  6933 | D:7      | Found a sand-covered staircase.
  6938 | Ossuary  | Entered an ossuary
  7197 | D:7      | Found a radiant altar of Vehumet.
  7460 | D:2      | Became a worshipper of Gozag Ym Sagoz the Greedy
  7615 | D:7      | Found a staircase to the Ecumenical Temple.
  7728 | D:7      | Found Fothregh's Assorted Antiques.
  7795 | D:7      | Found a hide-covered altar of Uskayaw.
  7956 | D:7      | Reached skill level 11 in Stealth
  7965 | D:7      | Reached XP level 10. HP: 54/66 MP: 10/10
  8416 | D:8      | Noticed Psyche
  8419 | D:8      | Killed Psyche
  8718 | D:8      | Found Zathu's General Store.
  8787 | D:8      | Reached skill level 12 in Stealth
  8889 | D:8      | Found a stormy altar of Qazlal.
  9100 | D:9      | Found a staircase to the Orcish Mines.
  9124 | D:9      | Noticed a two-headed ogre
  9191 | D:9      | Killed a two-headed ogre
  9271 | D:9      | Slain by a wolf

Levels and vault maps discovered:
D:1:      onia_arrival_mini_spirals, layout_loops_ring
D:2:      layout_loops_ring, chequers_temple_overflow_statue_of_worship,
          minmay_misc_feat_ornament,
          nicolae_gozag_cash_rules_everything_around_me
D:3:      layout_loops_corners, first_ration, serial_rivers,
          chequers_serial_rivers_small_b, chequers_serial_rivers_marsh,
          chequers_serial_rivers_micro_c, chequers_serial_rivers_room_a,
          chequers_serial_rivers_room_a, uniq_crazy_yiuf_cottage
D:4:      layout_loops_corners, tgw_trog
D:5:      layout_basic, serial_shops, shop, uniq_duvessa, uniq_pikel
D:6:      layout_loops_ring, serial_shops,
          nicolae_shop_temple_entry_statues_fountains, shop, shop,
          nicolae_shop_behind_doors
D:7:      layout_basic, kennysheep_mini_moat, vehumet_crystals,
          minmay_temple_entry_water_ring, enter_ossuary_5, serial_shops,
          kennysheep_little_box
D:8:      layout_cave_pools, nicolae_qazlal_eye_of_the_storm, serial_shops,
          nicolae_shop_trees, uniq_psyche
D:9:      layout_layer_cave, erik_lair_island, orc_0_dummy

Skill      XL: |  1  2  3  4  5  6  7  8  9 10 |
---------------+-------------------------------+-----
Stealth        | 1 2 3 5 6 7 9 11 12 | 12.7
Long Blades    | 3 4 5 8 9 |  9.8
Fighting       | 4 5 6 |  6.1
Dodging        | 4 5 |  5.5
Shields        | 4 |  4.5
Short Blades   | 2 |  2.7

Action                   |  1- 3 |  4- 6 |  7- 9 | 10-12 || total
-------------------------+-------+-------+-------+-------++-------
Melee: Long sword        |    40 |   115 |       |       ||   155
       Constrict         |    18 |    34 |    42 |    13 ||   107
       Tentacles         |     7 |    34 |    53 |    10 ||   104
       Dagger            |       |     7 |    88 |       ||    95
       Triple sword      |       |       |   137 |    52 ||   189
  Use: Potion            |     1 |     1 |       |     1 ||     3
       Scroll            |       |     9 |    12 |       ||    21
 Stab: Sleeping          |     7 |    14 |    29 |     9 ||    59
       Distracted        |       |       |     3 |       ||     3
  Eat: Chunk             |       |    11 |    10 |       ||    21
       Ration            |       |       |       |     2 ||     2
Armor: Skin              |     5 |     4 |    18 |    10 ||    37
Dodge: Dodged            |    19 |    58 |   117 |    59 ||   253
Block: Shield            |    19 |    38 |    31 |       ||    88
       Rpst.: Long sword |     8 |    18 |       |       ||    26
       Triple sword      |       |       |    34 |    13 ||    47

Table legend:
 A = Non-vault XP
 B = Vault XP
 C = Vault XP percentage of total XP
 D = Non-vault monster count
 E = Vault monster count
 F = Vault count percentage of total count
                 A         B        C        D         E       F
            +---------+---------+-------+---------+---------+-------
      Total |    5827 |    2375 |  29.0 |     161 |      54 |  25.1
            +---------+---------+-------+---------+---------+-------
        D:1 |      36 |       0 |   0.0 |      24 |       0 |   0.0
        D:2 |     130 |       0 |   0.0 |      25 |       0 |   0.0
        D:3 |      63 |       0 |   0.0 |      10 |       0 |   0.0
        D:4 |     446 |      13 |   2.8 |      23 |       5 |  17.9
        D:5 |     337 |     874 |  72.2 |      12 |       3 |  20.0
        D:6 |    1304 |       0 |   0.0 |      26 |       0 |   0.0
        D:7 |    1731 |       0 |   0.0 |      26 |       0 |   0.0
        D:8 |     722 |     454 |  38.6 |      12 |       1 |   7.7
        D:9 |    1058 |     738 |  41.1 |       3 |       6 |  66.7
    Ossuary |       0 |     296 | 100.0 |       0 |      39 | 100.0
            +---------+---------+-------+---------+---------+-------
